 Dungeon Crawl Stone Soup version 0.24-a0-504-gcfb02b9d07 (webtiles) character file.

Game seed: 2698433989358937552

77 Mithandil the Conjurer (level 4, -1/24 HPs)
             Began as a Deep Elf Conjurer on July 16, 2019.
             Slain by a hobgoblin
             ... wielding a +0 club
             ... led by Robin
              (5 damage)
             ... on level 2 of the Dungeon.
             The game lasted 00:10:01 (1469 turns).

Mithandil the Conjurer (Deep Elf Conjurer)          Turns: 1469, Time: 00:10:01

Health: -1/24      AC:  2    Str:  6    XL:     4   Next: 13%
Magic:  0/12       EV: 13    Int: 20    God:
Gold:   58         SH:  0    Dex: 15    Spells: 8/11 levels left

rFire    . . .     SeeInvis .   a - +0 dagger
rCold    . . .     Gourm    .   (no shield)
rNeg     . . .     Faith    .   h - +0 robe
rPois    .         Spirit   .   (no helmet)
rElec    .         Reflect  .   (no cloak)
rCorr    .         Harm     .   (no gloves)
MR       .....                  (no boots)
Stlth    ++........             (no amulet)
HPRegen  0.08/turn              (no ring)
MPRegen  0.13/turn              (no ring)

@: no status effects
A: no striking features
a: no special abilities


You were on level 2 of the Dungeon.
You were not hungry.

You visited 1 branch of the dungeon, and saw 3 of its levels.

You collected 58 gold pieces.

Inventory:

Hand Weapons
 a - a +0 dagger (weapon)
 b - a +0 short sword
 m - a +0 short sword
Missiles
 f - 37 arrows
Armour
 h - a +0 robe (worn)
 j - a +0 ring mail
Scrolls
 e - a scroll of blinking {unknown}
 g - a scroll of identify {unknown}
 l - a scroll of remove curse {unknown}
 n - a scroll of amnesia {unknown}
Potions
 i - a potion of heal wounds {unknown}
 k - 2 potions of lignification {unknown}
Comestibles
 c - 4 rations


   Skills:
 + Level 3.0 Dodging
 + Level 3.2 Stealth
 * Level 4.3 Spellcasting
 * Level 5.1 Conjurations


You had 8 spell levels left.
You knew the following spells:

 Your Spells              Type           Power        Failure   Level  Hunger
a - Magic Dart            Conj           ###.         1%          1    None
b - Searing Ray           Conj           ###...       2%          2    #......

Your spell library contained the following spells:

 Spells                   Type           Power        Failure   Level  Hunger
 Dazzling Spray           Conj/Hex       ##....       13%         3    ###....
 Iskenderun's Mystic Bla  Conj           ###.....     16%         4    ####...
 Force Lance              Conj/Tloc      ##......     41%         4    ####...
 Fulminant Prism          Conj/Hex       ##........   41%         4    ####...


Dungeon Overview and Level Annotations

Branches:
Dungeon (3/15)

Altars:
Uskayaw

Annotations:
D:2 Terence


Message History

A goblin comes into view. It is wielding a +0 dagger.
You hit the hobgoblin but do no damage. The hobgoblin hits you with a +0 club.
The hobgoblin hits you.
You completely miss the hobgoblin. The hobgoblin closely misses you.
The hobgoblin misses you.
Casting: Magic Dart (safe; 1% risk of failure)
Confirm with . or Enter, or press ? or * to list all spells.
Aiming: Magic Dart (safe; 1% risk of failure)
Press: ? - help, Shift-Dir - straight line, f - hobgoblin
Aim: a hobgoblin (unusually strong)
The magic dart hits the hobgoblin.
The hobgoblin is heavily wounded.
The hobgoblin hits you with a +0 club. The hobgoblin misses you.
You hit the hobgoblin but do no damage. The hobgoblin hits you.
* * * LOW HITPOINT WARNING * * *
The hobgoblin hits you with a +0 club.
* * * LOW HITPOINT WARNING * * *
You hit the hobgoblin but do no damage. The hobgoblin closely misses you.
The hobgoblin hits you with a +0 club.
You die...

P#.P#P###≈≈≈P.≈≈..P#≈≈≈≈≈≈#
PPP.#.##≈≈≈.######.#≈≈#≈≈≈#
#P#P.##≈≈P..#.@..#.#≈≈#≈≈≈#
#######≈P..P#....+P#≈≈##≈##
###################### ###
..............# %#
##########.##.# .#
#.##.####.######
#.#..gg@g.......
#.#.#.###.###### #.#.#.# .#
#...... .g #.#.#.## g##
#.#.#.# .# # ..... .. #..
.. ... .# #.#


You could see 2 hobgoblins and a goblin.

Vanquished Creatures
  Robin (D:2)
  A gnoll (D:1)
  An ooze (D:2)
  A worm (D:2)
  2 dart slugs (D:1)
  A ball python (D:2)
  4 giant cockroaches
  8 goblins
  7 hobgoblins
  6 bats
  3 frilled lizards (D:1)
  4 kobolds (D:1)
  5 rats
44 creatures vanquished.

Notes
Turn   | Place    | Note
-------+----------+-------------------------------------------
     0 | D:1      | Mithandil the Deep Elf Conjurer began the quest for the
                  | Orb.
     0 | D:1      | Reached XP level 1. HP: 10/10 MP: 6/6
   265 | D:1      | Reached XP level 2. HP: 15/15 MP: 2/8
   269 | D:1      | Learned a level 2 spell: Searing Ray
   463 | D:1      | Reached XP level 3. HP: 19/19 MP: 7/10
   830 | D:1      | You fall into a shaft and drop 1 floor!
  1293 | D:2      | Noticed Terence
  1444 | D:3      | Found a hide-covered altar of Uskayaw.
  1452 | D:2      | Reached skill level 5 in Conjurations
  1458 | D:2      | Noticed Robin
  1463 | D:2      | Killed Robin
  1463 | D:2      | Reached XP level 4. HP: 24/24 MP: 1/12
  1469 | D:2      | Slain by a hobgoblin

Levels and vault maps discovered:
D:1:      minmay_arrival_three_doors, layout_basic
D:2:      wad_lake_hut, layout_basic, lemuel_round_altar, tso_altar, uniq_robin,
          uniq_terence
D:3:      layout_basic, cheibriados_altar_1, nicolae_overflow_crystal_walls,
          marbit_many_paths, eat_drink_and_be_merry_uskayaw,
          lemuel_zombie_altar_kikubaaqudgha, chequers_ecumenical_altar_grove,
          grunt_qazlal_sundering, uniq_ijyb, uniq_grinder

Skill      XL: |  1  2  3 |
---------------+----------+-----
Stealth        | 3 |  3.2
Spellcasting   | 4 |  4.3
Dodging        | 3 |  3.0
Conjurations   | 5 |  5.1

Action                   |  1- 3 |  4- 6 || total
-------------------------+-------+-------++-------
Melee: Dagger            |     4 |     4 ||     8
 Cast: Magic Dart        |    79 |     3 ||    82
  Eat: Chunk             |     2 |       ||     2
Armor: Robe              |     2 |       ||     2
Dodge: Dodged            |     6 |     5 ||    11

Table legend:
 A = Non-vault XP
 B = Vault XP
 C = Vault XP percentage of total XP
 D = Non-vault monster count
 E = Vault monster count
 F = Vault count percentage of total count
                 A         B        C        D         E       F
            +---------+---------+-------+---------+---------+-------
      Total |      86 |      24 |  21.8 |      38 |       6 |  13.6
            +---------+---------+-------+---------+---------+-------
        D:1 |      57 |       0 |   0.0 |      27 |       0 |   0.0
        D:2 |      29 |      24 |  45.3 |      11 |       6 |  35.3
            +---------+---------+-------+---------+---------+-------
